 Dungeon Crawl Stone Soup version 0.22-a0-283-g1871b15 (webtiles) character file.

541 Atlas the Cudgeler (level 7, -20/53 HPs)
             Began as a Mummy Fighter on Mar 20, 2018.
             Demolished by an ogre
             ... wielding a +0 giant club
              (22 damage)
             ... on level 5 of the Dungeon.
             The game lasted 00:07:36 (6062 turns).

Atlas the Cudgeler (Mummy Fighter)                  Turns: 6062, Time: 00:07:37

Health: -20/53     AC:  7    Str: 19    XL:     7   Next: 5%
Magic:  7/7        EV:  8    Int: 10    God:
Gold:   302        SH: 11    Dex: 13    Spells: 6/6 levels left

rFire    x . .     SeeInvis .   a - +0 flail
rCold    + . .     Gourm    .   i - +2 shield
rNeg     + + +     Faith    .   b - +0 scale mail
rPois    ∞         Spirit   .   (no helmet)
rElec    .         Reflect  .   (no cloak)
rCorr    .         Harm     .   (no gloves)
MR       .....                  (no boots)
Stlth    ..........             (no amulet)
HPRegen  0.17/turn              f - +2 ring of dexterity
MPRegen  0.10/turn              (no ring)

@: no status effects
A: no food or potions, fire vulnerability, cold resistance 1, negative energy
resistance 3, torment resistance, unbreathing
a: no special abilities


You were on level 5 of the Dungeon.
You were not hungry.

You visited 1 branch of the dungeon, and saw 5 of its levels.

You collected 302 gold pieces.

Inventory:

Hand Weapons
 a - a +0 flail (weapon)
Armour
 b - a +0 scale mail (worn)
 i - a +2 shield (worn)
Magical Staves
 m - an uncursed staff of earth
Jewellery
 e - an uncursed ring of flight
 f - a +2 ring of dexterity (left hand)
Scrolls
 c - 3 scrolls of identify
 d - a scroll of amnesia {unknown}
 g - a scroll of remove curse
 h - a scroll of magic mapping
 j - 2 scrolls of immolation
 k - 2 scrolls of teleportation
 l - a scroll of fear


   Skills:
 + Level 3.8 Fighting
 + Level 3.9 Maces & Flails
 + Level 3.8 Armour
 + Level 1.3 Dodging
 + Level 3.8 Shields


You had 6 spell levels left.
You didn't know any spells.

Dungeon Overview and Level Annotations

Branches:
Dungeon (5/15)
 Temple: D:4-7

Altars:
Fedhas
Nemelex Xobeh
Ru
Wu Jian
Xom

Annotations:
D:4 WillyWalla's ghost, amateur DgGl


Innate Abilities, Weirdness & Mutations

You do not eat or drink.
Your flesh is vulnerable to fire.
You are immune to poison.
Your flesh is cold resistant. (rC+)
You are immune to negative energy. (rN+++)
You are immune to unholy pain and torment.
You can survive without breathing.


Message History

The ogre closely misses you.
You barely miss the ogre.
The ogre is lightly wounded.
You block the ogre's attack.
You hit the ogre.
The ogre is moderately wounded.
The ogre hits you with a giant club!!
* * * LOW HITPOINT WARNING * * *
You are too injured to fight recklessly!
You are too injured to fight recklessly!
You are too injured to fight recklessly!
You are too injured to fight recklessly!
You hit the ogre.
The ogre is heavily wounded.
The ogre hits you with a giant club!
* * * LOW HITPOINT WARNING * * *
You see here an adder corpse.
There is a stone staircase leading up here.
The ogre hits you with a giant club!!
You die...

.. #
##########...##.....#
...
........###.#####.###
##.# #######.###.#
#...#. .# ###.#.##.#
#...>. #
#..###...####...#.
#.#.#.##...# #####
##.####.##.##.###.# #
(.......O.....# .#
.......@##.##.# .#
.#.#######.###.. ## #
#.# #.# #.# ... #.#
### ..# ###


You could see an ogre.

Vanquished Creatures
  A centaur (D:5)
  A scorpion (D:5)
  A howler monkey (D:5)
  A hound (D:4)
  An orc priest (D:3)
  An iguana (D:4)
  2 orc wizards (D:5)
  2 worker ants (D:4)
  3 gnolls (D:2)
  6 adders
  A shadow imp (D:5)
  2 oozes (D:2)
  3 worms
  2 dart slugs
  3 leopard geckos
  11 orcs
  6 bats
  3 giant cockroaches
  9 hobgoblins
  5 kobolds
  3 quokkas
  2 ball pythons
  6 frilled lizards
  4 goblins
  2 quokka skeletons (D:4)
  5 rats
86 creatures vanquished.

Notes
Turn   | Place    | Note
-------+----------+-------------------------------------------
     0 | D:1      | Atlas the Mummy Fighter began the quest for the Orb.
     0 | D:1      | Reached XP level 1. HP: 18/18 MP: 1/1
   327 | D:1      | Reached XP level 2. HP: 22/24 MP: 2/2
  1185 | D:2      | Reached XP level 3. HP: 29/29 MP: 3/3
  1418 | D:2      | Found an ornate altar of the Wu Jian Council.
  1739 | D:2      | Reached XP level 4. HP: 9/35 MP: 4/4
  2214 | D:2      | Found a sparkling altar of Nemelex Xobeh.
  2485 | D:3      | Found a shimmering altar of Xom.
  2588 | D:3      | Found a blossoming altar of Fedhas.
  2962 | D:3      | Reached XP level 5. HP: 20/41 MP: 5/5
  3296 | D:4      | Noticed WillyWalla's ghost (amateur DgGl)
  3707 | D:4      | Found a sacrificial altar of Ru.
  4396 | D:4      | Reached skill level 1 in Dodging
  4416 | D:4      | Reached XP level 6. HP: 23/47 MP: 6/6
  4789 | D:5      | Entered Level 5 of the Dungeon
  5775 | D:5      | Reached XP level 7. HP: 31/53 MP: 7/7
  6052 | D:5      | HP: 1/53 [ogre/giant club (14)]
  6062 | D:5      | Demolished by an ogre

Vault maps used:
D:1:      eino_arrival_cavern_e
D:2:      marbit_many_paths, grunt_ministairs_7, nemelex_lonely_heart_becter
D:3:      nicolae_overflow_hidden_temple, first_ration, fedhas_altar_1
D:4:      lemuel_crystal_altar

Skill      XL: |  1  2  3  4  5 |
---------------+----------------+-----
Maces & Flails | 2 3 |  3.9
Shields        | 3 |  3.8
Armour         | 3 |  3.8
Dodging        | 1 |  1.3
Fighting       | |  3.8

Action                   |  1- 3 |  4- 6 |  7- 9 || total
-------------------------+-------+-------+-------++-------
Melee: Flail             |   117 |   278 |    35 ||   430
  Use: Scroll            |       |     9 |       ||     9
Armor: Scale mail        |    39 |    95 |     9 ||   143
Dodge: Dodged            |    28 |    81 |     9 ||   118
Block: Shield            |    62 |   154 |    19 ||   235

Table legend:
 A = Spawn XP
 B = Non-spawn XP
 C = Spawn XP percentage of total XP
 D = Spawn monster count
 E = Non-spawn monster count
 F = Spawn count percentage of total count
 G = Total turns spent on level
                    A         B        C        D         E        F      G
               +---------+---------+-------+---------+---------+-------+---------
         Total |       0 |     774 |   0.0 |       0 |      86 |   0.0 |  6062
               +---------+---------+-------+---------+---------+-------+---------
           D:1 |       0 |      26 |   0.0 |       0 |      16 |   0.0 |  1072
           D:2 |       0 |      83 |   0.0 |       0 |      19 |   0.0 |  1366
           D:3 |       0 |     122 |   0.0 |       0 |      24 |   0.0 |  1377
           D:4 |       0 |     174 |   0.0 |       0 |       9 |   0.0 |  1021
           D:5 |       0 |     369 |   0.0 |       0 |      18 |   0.0 |  1226
               +---------+---------+-------+---------+---------+-------+---------
